 Dungeon Crawl Stone Soup version 0.30.0-19-g36f170ea60 (webtiles) character file.

Game seed: 11443007478651742696

438 cheesebisquit the Ruffian (level 6, 0/91 HPs)
             Began as a Troll Gladiator on June 1, 2023.
             Killed by divine providence
             ... invoked by an orc priest
              (11 damage)
             ... on level 4 of the Dungeon.
             The game lasted 00:09:48 (2945 turns).

cheesebisquit the Ruffian (Troll Gladiator)         Turns: 2945, Time: 00:09:48

Health: 0/91       AC: 23    Str: 23    XL:     6   Next: 69%
Magic:  5/5        EV:  1    Int:  6    God:
Gold:   180        SH:  0    Dex: 11    Spells: 5/5 levels left

rFire   . .          .
                       - Unarmed
rCold   . . .        (no shield)
rNeg    . . .        a - melded +0 robe
rPois   +            b - melded +0 hat
rElec   .            c - melded +0 cloak
rCorr   .            (gloves unavailable)
SInv    .            (boots unavailable)
Will    .....        (no amulet)
Stlth   +            (no ring)
HPRegen 1.15/turn    (no ring)
MPRegen 0.09/turn

%: no passive effects
@: tree-form
A: stationary, stasis, torment immunity, boosted hp, large, unfitting armour,
(claws 3), regeneration 1, (shaggy fur 1), (tough skin 1)
a: no special abilities


You were on level 4 of the Dungeon.
You were a tree.
You visited 1 branch of the dungeon, and saw 4 of its levels.

You collected 270 gold pieces.
You spent 90 gold pieces at shops.

Inventory:

Missiles
 d - a large rock (quivered)
 s - 6 poisoned darts
 t - 3 boomerangs
Armour
 a - a +0 robe (melded)
 b - a +0 hat (melded)
 c - a +0 cloak (melded)
 u - a scarf of resistance
Scrolls
 e - 2 scrolls of noise {unknown}
 j - 3 scrolls of identify {unknown}
 k - 4 scrolls of fear {unknown}
 m - 2 scrolls of teleportation {unknown}
 p - 2 scrolls of magic mapping {unknown}
 r - a scroll of immolation {unknown}
 v - a scroll of summoning {unknown}
 x - a scroll of vulnerability {unknown}
 y - a scroll of poison {unknown}
 A - a scroll of enchant armour {unknown}
Potions
 f - a potion of mutation {unknown}
 g - a potion of lignification
 h - 2 potions of invisibility
 i - 2 potions of cancellation
 l - 2 potions of flight {unknown}
 n - a potion of brilliance {unknown}
 o - a potion of attraction {unknown}
 q - a potion of haste {unknown}
 z - a potion of magic {unknown}


   Skills:
 + Level 3.1 Fighting
 + Level 2.7 Throwing
 - Level 2.4 Dodging
 * Level 6.3 Unarmed Combat


You had 5 spell levels left.
You didn't know any spells.
Your spell library contained the following spells:

 Spells                   Type           Power      Damage    Failure   Level
 Freeze                   Ice            0%         1d3       45%         1
 Frozen Ramparts          Ice            0%         1d1       83%         3
 Hailstorm                Conj/Ice       0%         3d3       83%         3
 Leda's Liquefaction      Hex/Erth       0%         N/A       99%         4
 Lee's Rapid Deconstruct  Erth           0%         3d4*      100%        5
 Statue Form              Tmut/Erth      0%         N/A       100%        6
 Chain Lightning          Conj/Air       0%         N/A       100%        9
 Fire Storm               Conj/Fire      0%         5d1       100%        9
 Shatter                  Erth           0%         3d5*      100%        9


Dungeon Overview and Level Annotations

Branches:
Dungeon (4/15)
 Temple: D:4-7

Altars:
Ashenzari
Elyvilon
Ru
Zin


Innate Abilities, Weirdness & Mutations

You are a tree.
Your roots penetrate the ground, keeping you stationary.
You cannot be teleported.
You are immune to unholy pain and torment.
Your maximum health is greatly increased.
Your equipment is partially melded.
You are too large for most types of armour.
((You have claws for hands.))
Your natural rate of healing is unusually fast.
((You are covered in fur. (AC +1)))
((You have tough skin. (AC +1)))


Message History

You scratch the hound but do no damage.
The hound is heavily wounded.
The hound misses you.
You completely miss the hound.
The hound is heavily wounded.
The hound bites you but does no damage.
The orc priest calls upon Beogh to heal the orc priest.
The orc priest is healed somewhat.
You barely miss the hound.
The hound is heavily wounded.
The hound bites you but does no damage.
The orc priest invokes the aid of Beogh against you.
Beogh smites you!
* * * LOW HITPOINT WARNING * * *
You feel better. The hound closely misses you. The hound bites you.
* * * LOW HITPOINT WARNING * * *
Okay, then.
It was a potion of invisibility.
You fade into invisibility!
The hound closely misses you.
It was a potion of cancellation.
Your magical effects are unravelling.
You feel magically purged.
You flicker back into view.
The hound bites you.
* * * LOW HITPOINT WARNING * * *
The hound bites you but does no damage.
It was a potion of lignification.
You turn into a tree.
Your +0 cloak melds into your body.
Your +0 hat melds into your body.
Your +0 robe melds into your body.
Your roots penetrate the ground.
The hound bites you but does no damage.
The orc priest invokes the aid of Beogh against you.
Beogh smites you!
* * * LOW HITPOINT WARNING * * *
You hit the hound but do no damage.
The hound is moderately wounded.
The hound bites you but does no damage.
The orc priest invokes the aid of Beogh against you.
Beogh smites you!
You die...

#.............#...
#...<.........#...
#.........)...#... .
#.........)...#...
..##################..#...
#..#...#..........#..##..
#....#.........###'###.
#...o#.........#≈≈.≈≈#.
#...{h♣........#≈#.#≈#.
##..o#.........†.._..'.
#...########..#≈#.#≈##
......)).....# #..#≈≈.≈≈#.
.............# #..###'###.
.............# #.......#..
.............# #.......#..
.............# #.......#..
......>......# #.......#..


You could see a hound and 2 orc priests.

Vanquished Creatures
  An ogre (D:4)
  A hound (D:3)
  A jelly (D:4)
  An orc priest (D:4)
  Jessica (D:3)
  8 adders
  4 gnolls
  2 worms (D:4)
  A dart slug (D:2)
  12 orcs
  4 bats
  6 endoplasms
  6 giant cockroaches
  5 goblins
  7 hobgoblins
  19 jackals
  2 quokkas
  10 ball pythons
  3 frilled lizards
  10 kobolds
  4 rats
108 creatures vanquished.

Notes
Turn   | Place    | Note
-------+----------+-------------------------------------------
     0 | D:1      | cheesebisquit the Troll Gladiator began the quest for the
                  | Orb.
     0 | D:1      | Reached XP level 1. HP: 19/19 MP: 0/0
     5 | D:1      | Found Ydub's Antique Weapon Boutique.
    66 | D:1      | Reached XP level 2. HP: 27/27 MP: 1/1
   311 | D:1      | Reached skill level 4 in Unarmed Combat
   629 | D:2      | Reached XP level 3. HP: 33/33 MP: 2/2
  1140 | D:2      | Found a sacrificial altar of Ru.
  1190 | D:3      | Reached XP level 4. HP: 42/42 MP: 3/3
  1252 | D:3      | Found a faded altar of an unknown god.
  1314 | D:3      | Reached skill level 5 in Unarmed Combat
  1521 | D:3      | Reached XP level 5. HP: 50/50 MP: 4/4
  1554 | D:3      | Found a white marble altar of Elyvilon.
  1631 | D:3      | Found a glowing silver altar of Zin.
  1634 | D:3      | Found Zin's Purification Station.
  1642 | D:3      | Bought a potion of curing for 90 gold pieces
  1712 | D:3      | Noticed Jessica
  1728 | D:3      | Killed Jessica
  2384 | D:4      | Noticed an ogre
  2392 | D:4      | Killed an ogre
  2393 | D:4      | Reached skill level 6 in Unarmed Combat
  2393 | D:4      | Reached XP level 6. HP: 41/61 MP: 5/5
  2784 | D:4      | Found a broken altar of Ashenzari.
  2945 | D:4      | Killed from afar by an orc priest

Illustrated notes

Levels and vault maps discovered:
D:1:      dpeg_arrival_shelter, layout_loops_ring, serial_shops, shop,
          chequers_serial_rivers_micro_d
D:2:      layout_loops_cross, basic_altar
D:3:      layout_basic, zin_purify, elyvilon_altar_5, serial_curves,
          eino_curves_03, eino_curves_03, eino_curves_04,
          ebering_ecumenical_altar_ruins, kennysheep_jessica_study
D:4:      layout_gridville, kennysheep_little_box

Skill      XL: |  1  2  3  4  5 |
---------------+----------------+-----
Unarmed Combat | 4 5 6 |  6.3
Fighting       | 2 3 |  3.1
Throwing       | 2 |  2.7
Dodging        | |  2.4

Action                     |  1- 3 |  4- 6 || total
---------------------------+-------+-------++-------
  Melee: Unarmed           |   108 |   192 ||   300
         Punch             |     1 |     7 ||     8
  Throw: Throwing net      |       |     9 ||     9
         Dart              |       |     4 ||     4
         Large rock        |       |     1 ||     1
    Use: Potion            |       |     5 ||     5
   Stab: Sleeping          |     1 |       ||     1
         Held in net/web   |       |     1 ||     1
 Armour: Robe              |    50 |    44 ||    94
         Skin              |       |     2 ||     2
  Dodge: Dodged            |    65 |    85 ||   150
